 Dungeon Crawl Stone Soup version 0.18.1-5-g4a78601 (webtiles) character file.

41 Jerry the Ducker (level 3, 0/30 HPs)
             Began as a Minotaur Warper on May 9, 2016.
             Slain by an adder (2 damage)
             ... on level 2 of the Dungeon.
             The game lasted 00:03:26 (1244 turns).

Jerry the Ducker (Minotaur Warper)                  Turns: 1244, Time: 00:03:26

Health: 0/30       AC:  3    Str: 15    XL:     3   Next: 32%
Magic:  4/4        EV: 12    Int: 10    God:
Gold:   120        SH:  0    Dex: 10    Spells: 1 memorised, 3 levels left

rFire  . . .     SeeInvis .     a - +0 mace
rCold  . . .     Gourm    .     b - +0 leather armour
rNeg   . . .     Faith    .     (no shield)
rPois  .         Spirit   .     (helmet restricted)
rElec  .         Dismiss  .     (no cloak)
rCorr  .         Reflect  .     (no gloves)
SustAt .         Harm     .     (no boots)
MR     .....                    (no amulet)
Stlth  +.........               (no ring)
                                (no ring)

@: lethally poisoned (0 -> -3), drained, not resistant to hostile enchantments,
very unstealthy
A: retaliatory headbutt, horns 2
a: no special abilities


You were on level 2 of the Dungeon.
You were not hungry.

You visited 1 branch of the dungeon, and saw 2 of its levels.

You collected 120 gold pieces.

Inventory:

Hand Weapons
 a - a +0 mace (weapon)
Missiles
 e - 5 tomahawks of dispersal (quivered)
Armour
 b - a +0 leather armour (worn)
Scrolls
 d - 2 scrolls of blinking
 h - a scroll of recharging {unknown}
 i - a scroll of immolation {unknown}
 j - a scroll of identify {unknown}
 l - a scroll of enchant armour {unknown}
 m - a scroll of remove curse {unknown}
Potions
 k - a potion of might {unknown}
Books
 c - a book of Spatial Translocations

   Spells                             Type                      Level
   a - Apportation                    Translocation                1
   b - Blink                          Translocation                2
   c - Shroud of Golubria             Charms/Translocation         2
   d - Portal Projectile              Translocation                3
   e - Teleport Other                 Translocation                3
   f - Passage of Golubria            Translocation                4
Comestibles
 f - 2 bread rations
 g - a beef jerky
 n - a chunk of flesh


   Skills:
 - Level 2.4(2.0) Fighting
 - Level 2.4(2.0) Maces & Flails
 - Level 1.0(0.6) Throwing
 * Level 2.7(2.3) Armour
 * Level 3.4(3.0) Dodging
 - Level 1.3(1.0) Spellcasting
 - Level 2.1(1.8) Translocations


You had 3 spell levels left.
You knew the following spells:

 Your Spells              Type           Power        Failure   Level  Hunger
a - Apportation           Tloc           #.........   21%         1    ##.....


Dungeon Overview and Level Annotations

Branches:
Dungeon (2/15)

Altars:
Qazlal
Yredelemnul


Innate Abilities, Weirdness & Mutations

You reflexively headbutt those who attack you in melee.
You have a pair of horns on your head.


Message History

You barely miss the adder.
You feel sick. The adder bites you.
The giant newt closely misses you. 2 jackals come into view.
You barely miss the adder.
You feel sick.
The jackal barks! x2
The adder bites you.
* * * LOW HITPOINT WARNING * * *
The giant newt bites you.
* * * LOW HITPOINT WARNING * * *
The adder barely misses you. The giant newt bites you.
* * * LOW HITPOINT WARNING * * *
You are too injured to fight recklessly!
You are too injured to fight recklessly!
You hit the giant newt.
You kill the giant newt!
The adder completely misses you. You furiously retaliate!
You headbutt the adder. The adder closely misses you.
* * * LOW HITPOINT WARNING * * *
You feel sick. The adder bites you.
You die...

#.# #.# ...8# #.#
....## #.# ....8# #.#
....# #.# ...8# ###
######.# #>##
.....##.<....#########
#.hh@.............#
####S######)#####.#
...######<# #)#
#####..[.(.# #.#
#.###### #.## #.#
#######..## #.#
#.......... #.#
#.######.## #.# #.##
#.##


You could see an adder and 2 jackals.

Vanquished Creatures
  2 adders (D:2)
  An ooze (D:1)
  2 bats
  3 giant cockroaches
  2 hobgoblins (D:2)
  3 kobolds
  2 giant newts
  2 goblins (D:2)
  2 rats (D:2)
19 creatures vanquished.

Notes
Turn   | Place    | Note
--------------------------------------------------------------
     0 | D:1      | Jerry the Minotaur Warper began the quest for the Orb.
     0 | D:1      | Reached XP level 1. HP: 18/18 MP: 1/1
     1 | D:1      | Noticed an electric eel
   418 | D:1      | Reached XP level 2. HP: 20/25 MP: 3/3
   860 | D:2      | HP: 1/25 [adder (3)]
   870 | D:2      | Reached skill level 3 in Dodging
   870 | D:2      | Reached XP level 3. HP: 16/30 MP: 4/4
  1037 | D:2      | Found a stormy altar of Qazlal.
  1129 | D:2      | Found a basalt altar of Yredelemnul.
  1244 | D:2      | Slain by an adder

Skill      XL: |  1  2 |
---------------+-------+-----
Armour         | 2 |  2.7
Dodging        | 3 |  3.4
Fighting       | |  2.4
Maces & Flails | |  2.4
Throwing       | |  1.0
Spellcasting   | |  1.3
Translocations | |  2.1

Action                   || total
-------------------------++-------
Melee: Mace              ||    66
       Headbutt          ||    11
  Use: Potion            ||     3
  Eat: Chunk             ||     1
Armor: Leather armour    ||    24
Dodge: Dodged            ||    47
